Map: Catalyst LE

Players

Gemini

  • Race: Protoss Protoss
  • League: Master
  • Spawn Location: 5:00

A.I. 1 (Very Easy) - Winner!

  • Race: Protoss Protoss
  • Spawn Location: 11:00

VOD

Have the link to the VOD?

Description

Time

  • Played on: July 11, 2018, 3:38 p.m.
  • Length: 9:19
Show
View Real Time Build Order
Export as new Build Order

Gemini Protoss 

Build Orders: Blink Stalkers 

Get SALT Encoding   

  12  0:00  Probe  
  13  0:13  Probe  
  14  0:17  Pylon  
  14  0:24  Probe  
  15  0:32  Probe  
  15  0:37  Gateway  
  15  0:40  Probe  
  16  0:47  Assimilator  
  17  0:50  Probe  
  17  0:55  Assimilator  
  18  0:58  Probe  
  19  1:07  Probe  
  20  1:15  Gateway  
  20  1:19  Probe  
  21  1:27  Cybernetics Core  
  21  1:31  Probe  
  22  1:39  Pylon  
  22  1:43  Probe  
  23  1:55  Warp Gate  
  23  1:57  Probe  
  24  2:04  Stalker, Sentry  
  28  2:09  Pylon  
  28  2:30  Stalker  
  28  2:34  Stalker  
  32  2:51  Nexus  
  32  3:02  Stalker  
  34  3:07  Stalker  
  36  3:17  Twilight Council  
  36  3:26  Shield Battery  
  36  3:31  Pylon  
  36  3:34  Blink  
  36  3:37  Probe  
  37  3:51  Probe  
  38  4:03  Probe  
  38  4:05  Robotics Facility  
  38  4:08  Probe  
  40  4:15  Probe  
  41  4:20  Probe  
  42  4:25  Forge  
  42  4:27  Probe  
  42  4:29  Probe  
  43  4:37  Probe  
  44  4:39  Probe  
  46  4:46  Probe  
  46  4:51  Stalker x2, Probe  
  52  4:55  Observer  
  52  4:58  Protoss Ground Weapons Level 1  
  52  4:59  Probe  
  54  5:03  Assimilator  
  54  5:05  Assimilator, Probe  
  55  5:11  Probe  
  56  5:15  Pylon  
  56  5:17  Probe  
  57  5:23  Robotics Bay  
  57  5:24  Probe  
  58  5:29  Probe  
  58  5:34  Stalker x2  
  63  5:36  Probe  
  63  5:41  Probe  
  65  5:47  Pylon  
  65  5:48  Probe  
  66  5:57  Probe  
  67  6:00  Probe  
  67  6:01  Stalker  
  70  6:05  Pylon, Disruptor  
  70  6:07  Stalker  
  70  6:09  Probe  
  73  6:13  Probe  
  77  6:23  Gateway x2  
  77  6:31  Pylon, Robotics Facility, Disruptor  
  77  6:37  Probe x2  
  79  6:43  Pylon  
  79  6:45  Protoss Ground Weapons Level 2  
  82  6:50  Probe x2  
  82  6:53  Stalker x2  
  88  6:58  Disruptor  
  88  7:07  Probe x2  
  90  7:14  Disruptor  
  93  7:16  Nexus  
  93  7:27  Pylon, Probe x2  
  98  7:37  Disruptor  
  98  7:42  Pylon  
  98  7:44  Pylon  
  101  7:50  Stalker x4  
  109  7:53  Disruptor  
  109  8:03  Pylon  
  109  8:04  Pylon, Disruptor  
  112  8:09  Assimilator  
  112  8:14  Assimilator  
  112  8:18  Stalker  
  117  8:30  Stalker x3  
  123  8:35  Probe x3  
  126  8:47  Probe x2  
  134  8:53  Pylon  
  134  8:54  Stalker  
  136  9:08  Gateway  
  136  9:10  Gateway  
  136  9:12  Gateway  
  136  9:16  Stalker x2  
Show
View Real Time Build Order
Export as new Build Order

A.I. 1 (Very Easy) Protoss - Winner!

Build Orders:  

Get SALT Encoding   

  12  0:00  Probe  
  13  0:13  Probe  
  14  0:21  Pylon  
  14  0:36  Assimilator  
  14  0:43  Gateway  
  14  0:46  Pylon  
  14  1:13  Assimilator  
  14  1:23  Probe  
  14  1:24  Zealot  
  14  1:31  Probe  
  14  1:32  Cybernetics Core  
  18  1:41  Probe  
  19  1:53  Probe  
  20  1:58  Warp Gate  
  20  2:01  Probe  
  21  2:09  Probe  
  22  2:44  Stalker  
  24  6:10  Stalker  
  26  6:13  Pylon  
  26  6:18  Probe  
  22  6:39  Zealot  
  24  6:47  Probe  
  24  7:08  Stalker  
  26  7:13  Probe  
  26  7:15  Robotics Facility  
  26  7:21  Pylon  
  26  7:22  Probe, Nexus  
  21  7:30  Probe  
  21  7:36  Stalker  
  24  7:39  Probe  
  25  7:51  Probe  
  26  8:03  Observer, Probe  
  26  8:05  Stalker  
  29  8:15  Probe  
  30  8:24  Observer  
  31  8:34  Zealot  
  31  8:35  Probe  
  31  8:40  Probe  
  34  8:43  Assimilator  
  35  8:48  Assimilator  
  35  8:49  Probe  
  35  8:52  Probe  
  33  9:03  Stalker, Probe  
Tags
 
Composition
Blink Stalkers
League
Master
Matchup
PvP
Spawn Locations
Cross Positions
Add a new tag
Caveats
  • Supply blocks, unpowered buildings, or Contaminate may cause inaccurate times.
  • Supply counts are checked every 10 seconds.